 Dungeon Sprint DCSS version 0.23.2-1-ga50397a6bc (webtiles) character file.

Game seed: 11826172465374893088

6948 Kobolds4U the Ninja (level 10, 0/49 HPs)
             Began as a Spriggan Assassin on May 23, 2019.
             Was a High Priest of Okawaru.
             Slain by a demonic crawler (2 damage)
             ... in the Dungeon (Sprint I: "Red Sonja").
             The game lasted 00:15:13 (1695 turns).

Kobolds4U the Ninja (Spriggan Assassin)             Turns: 1695, Time: 00:15:14

Health: 0/49       AC:  6    Str:  7    XL:     10   Next: 80%
Magic:  11/15      EV: 36    Int:  8    God:    Okawaru [*****.]
Gold:   10         SH:  0    Dex: 21    Spells: 7/9 levels left

rFire    + . .     SeeInvis +   A - +1 short sword (flame)
rCold    + + .     Gourm    .   (shield restricted)
rNeg     . . .     Faith    .   l - +1 robe "Beaco" {*Drain rElec rC++ Int-5}
rPois    +         Spirit   .   (helmet restricted)
rElec    +         Reflect  .   w - +2 cloak {rPois}
rCorr    .         Harm     .   (gloves unavailable)
MR       +....     NoTele   +   (boots unavailable)
Stlth    +++++++++.             (no amulet)
HPRegen  0.16/turn              u - ring of protection from fire
MPRegen  0.14/turn              (no ring)

@: heroism, finesse, hasted, very quick
A: very small, unfitting armour, see invisible, herbivore, speed 3, slow
metabolism 2
a: Heroism, Finesse, Renounce Religion


You were in the Dungeon.
You worshipped Okawaru.
Okawaru was extremely pleased with you.
You were not hungry.

You visited 1 branch You collected 1038 gold pieces.
You spent 1028 gold pieces at shops.

Inventory:

Hand Weapons
 a - a +2 dagger of freezing
 b - a +8 blowgun
 p - a +0 shortbow
 A - a +1 short sword of flaming (weapon)
Missiles
 e - 7 poisoned needles
 f - 5 curare-tipped needles
 m - 64 arrows
 q - 11 needles of sleeping
 r - 4 needles of confusion
Armour
 c - a +1 robe
 d - a +0 cloak
 l - the +1 robe "Beaco" (worn) {*Drain rElec rC++ Int-5}
   (Okawaru gifted it to you in the Dungeon)

   It affects your intelligence (-5).
   It greatly protects you from cold.
   It insulates you from electricity.
   It causes draining when unequipped.
 w - a +2 cloak of poison resistance (worn)
Magical Staves
 z - an uncursed staff of power {unknown}
Jewellery
 u - a ring of protection from fire (left hand)
Wands
 t - a wand of clouds (2)
Scrolls
 n - a scroll of torment {unknown}
 o - a scroll of fear
 x - 3 scrolls of enchant armour
 y - a scroll of identify {unknown}
 C - a scroll of fog
Potions
 h - 4 potions of curing
 j - a potion of haste
 k - 2 potions of magic
 s - 2 potions of degeneration
 v - a potion of resistance {unknown}
Comestibles
 g - a ration


   Skills:
 * Level 3.2(8.2) Fighting
 - Level 2.1(7.1) Short Blades
 - Level 10.2(15.2) Bows
 - Level 7.0(12.0) Throwing
 + Level 14.3(19.3) Dodging
 O Level 27 Stealth
 + Level 6.2 Invocations


You had 7 spell levels left.
You knew the following spells:

 Your Spells              Type           Power        Failure   Level  Hunger
a - Passwall              Tmut/Erth      #.......     54%         2    ###....

Your spell library contained the following spells:

 Spells                   Type           Power        Failure   Level  Hunger
 Sandblast                Erth           #.....       41%         1    ##.....
 Stone Arrow              Conj/Erth      #.....       78%         3    ####...
 Petrify                  Tmut/Erth      #.......     99%         4    #####..
 Lee's Rapid Deconstruct  Erth           #.........   100%        5    ######.


Dungeon Overview and Level Annotations

Branches:
Dungeon (1/1)

Altars:
Cheibriados
Dithmenos
Elyvilon
Fedhas
Gozag
Hepliaklqana
Kikubaaqudgha
Makhleb
Nemelex Xobeh
Okawaru
Qazlal
Ru
Sif Muna
Trog
Uskayaw
Vehumet
Wu Jian
Xom
Yredelemnul
Zin
The Shining One
Jiyva
Lugonu

Shops:
D [*???(!!:=[:*(![*

Annotations:
D exclusion: 4 doors


Innate Abilities, Weirdness & Mutations

You are very small and have problems with some larger weapons.
You are too small for most types of armour.
You have supernaturally acute eyesight. (SInv)
You are a herbivore.
You cover ground extremely quickly.
You need to consume almost no food.


Message History

The demonic crawler completely misses you.
The demonic crawler barely misses you.
The demonic crawler completely misses you.
The demonic crawler barely misses you. x3
You hit the demonic crawler.
The demonic crawler is severely wounded.
You hit the demonic crawler.
The demonic crawler is severely wounded.
The demonic crawler completely misses you. x3
The demonic crawler hits you.
* * * LOW HITPOINT WARNING * * *
The demonic crawler completely misses you. x2
You hit the demonic crawler but do no damage.
The demonic crawler is severely wounded.
The demonic crawler closely misses you. The demonic crawler misses you. x2
You hit the demonic crawler but do no damage.
The demonic crawler is severely wounded.
The demonic crawler completely misses you. x2
The demonic crawler hits you.
You die...

########################
.#..'..#..'..#__#s.'..)#
.)..#.)'..#..'^.@s.#...##+#
.#####'#####'#__####)..'..#
.####..#...#)####.)#####..+
.#__####..##§#§§§.)#.§# +##
.#_____##+#_§§≈≈≈§§'..#
⌠#_.∩...+..._#≈≈§§)#§.#
##_..__##_.#'##'#####'###
#_____###+#.#....###.'.#
##########.####'###.###.#


You could see 2 demonic crawlers.

Vanquished Creatures
  2 centaur warriors (D)
  Sonja (D)
  A deep troll (D)
  2 unseen horrors (D)
  An oklob plant (D)
  2 kobold demonologists (D)
  2 demonic crawlers (D)
  A slime creature (D)
  A hornet (D)
  2 redbacks (D)
  Sigmund (D)
  A yak (D)
  2 floating eyes (D)
  An ogre (D)
  7 necrophages (D)
  8 jellies (D)
  Ijyb (D)
  A ballistomycete (D)
  A ballistomycete spore (D)
38 creatures vanquished.

Vanquished Creatures (others)
  2 hornets (D)
  A ballistomycete spore (D)
3 creatures vanquished.

Grand Total: 41 creatures vanquished

Notes
Turn   | Place    | Note
-------+----------+-------------------------------------------
     0 | D        | Kobolds4U the Spriggan Assassin began the quest for the
                  | Orb.
     0 | D        | Reached XP level 1. HP: 10/10 MP: 2/2
     2 | D        | Noticed Ijyb
    29 | D        | Killed Ijyb
    29 | D        | Reached skill level 10 in Stealth
    29 | D        | Reached XP level 2. HP: 9/14 MP: 3/3
   154 | D        | Noticed an ogre
   157 | D        | Killed an ogre
   157 | D        | Reached skill level 14 in Stealth
   157 | D        | Reached XP level 3. HP: 18/18 MP: 4/4
   157 | D        | Reached XP level 4. HP: 22/22 MP: 5/5
   159 | D        | Noticed Sigmund
   179 | D        | Killed Sigmund
   179 | D        | Reached skill level 18 in Stealth
   179 | D        | Reached XP level 5. HP: 19/25 MP: 6/6
   254 | D        | Found a burning altar of Makhleb.
   254 | D        | Found a viscous altar of Jiyva.
   254 | D        | Found a shimmering altar of Xom.
   254 | D        | Found a corrupted altar of Lugonu.
   254 | D        | Noticed a slime creature
   257 | D        | Killed a slime creature
   257 | D        | Reached skill level 19 in Stealth
   257 | D        | Reached XP level 6. HP: 30/30 MP: 7/7
   259 | D        | Found an ornate altar of the Wu Jian Council.
   259 | D        | Found a deep blue altar of Sif Muna.
   261 | D        | Found a radiant altar of Vehumet.
   265 | D        | Reached skill level 20 in Stealth
   267 | D        | Found Nyh Hov's General Store.
   267 | D        | Found an ancient bone altar of Kikubaaqudgha.
   267 | D        | Found a hazy altar of Hepliaklqana.
   267 | D        | Found a stormy altar of Qazlal.
   267 | D        | Found a hide-covered altar of Uskayaw.
   267 | D        | Found a blossoming altar of Fedhas.
   267 | D        | Found a bloodstained altar of Trog.
   267 | D        | Found an iron altar of Okawaru.
   267 | D        | Found a basalt altar of Yredelemnul.
   267 | D        | Found a glowing golden altar of the Shining One.
   267 | D        | Found a snail-covered altar of Cheibriados.
   267 | D        | Found a sacrificial altar of Ru.
   267 | D        | Found a glowing silver altar of Zin.
   267 | D        | Found a shadowy altar of Dithmenos.
   267 | D        | Found a white marble altar of Elyvilon.
   267 | D        | Noticed a yak
   268 | D        | Found an opulent altar of Gozag.
   269 | D        | Killed a yak
   269 | D        | Reached XP level 7. HP: 33/33 MP: 8/8
   295 | D        | Found a sparkling altar of Nemelex Xobeh.
   299 | D        | Bought a potion of curing for 39 gold pieces
   299 | D        | Bought a scroll of fear for 45 gold pieces
   300 | D        | Became a worshipper of Warmaster Okawaru
   311 | D        | Noticed a centaur warrior
   311 | D        | Noticed a centaur warrior
   323 | D        | Killed a centaur warrior
   323 | D        | Reached * piety under Okawaru
   323 | D        | Reached skill level 5 in Throwing
   323 | D        | Reached skill level 10 in Dodging
   323 | D        | Reached skill level 22 in Stealth
   323 | D        | Reached XP level 8. HP: 37/37 MP: 9/9
   324 | D        | Killed a centaur warrior
   324 | D        | Reached ** piety under Okawaru
   324 | D        | Reached skill level 23 in Stealth
   340 | D        | Noticed a hornet
   343 | D        | Killed a hornet
   343 | D        | Reached *** piety under Okawaru
   343 | D        | Reached XP level 9. HP: 41/41 MP: 10/10
   353 | D        | Noticed an oklob plant
   355 | D        | Killed an oklob plant
   355 | D        | Reached skill level 24 in Stealth
   361 | D        | Received a gift from Okawaru
   384 | D        | Noticed an unseen horror
   385 | D        | Noticed an unseen horror
   391 | D        | Killed an unseen horror
   391 | D        | Reached skill level 5 in Bows
   391 | D        | Reached skill level 25 in Stealth
   393 | D        | Killed an unseen horror
   393 | D        | Received a gift from Okawaru
   417 | D        | Noticed a deep troll
   419 | D        | Killed a deep troll
   419 | D        | Reached **** piety under Okawaru
   419 | D        | Reached skill level 26 in Stealth
   419 | D        | Reached XP level 10. HP: 46/46 MP: 11/11
   432 | D        | Found Nofenyus's Armour Emporium.
   446 | D        | Noticed Sonja
   449 | D        | Killed Sonja
   468 | D        | Found Xeinob's Antique Armour Boutique.
   476 | D        | Bought a runed cloak for 127 gold pieces
   502 | D        | HP: 2/46 [something (15)]
   850 | D        | Reached skill level 1 in Invocations
   851 | D        | Paralysed by a floating eye for 2 turns
   854 | D        | Reached skill level 27 in Stealth
   868 | D        | Reached ***** piety under Okawaru
   869 | D        | Received a gift from Okawaru
   869 | D        | Reached skill level 10 in Bows
  1157 | D        | Reached skill level 5 in Invocations
  1172 | D        | Received a gift from Okawaru
  1173 | D        | Got a dull robe {god gift}
  1472 | D        | Learned a level 2 spell: Passwall
  1487 | D        | Found Omomiv's Magic Scroll Shoppe.
  1487 | D        | Found Coesa's Magic Scroll Shop.
  1487 | D        | Found Gequ's Magic Scroll Boutique.
  1489 | D        | Found Piof's Antique Weapon Emporium.
  1489 | D        | Found Lacalis's Distillery.
  1489 | D        | Found Jogad's Distillery.
  1489 | D        | Found Nuuptunk's Book Boutique.
  1489 | D        | Found Atwy's Jewellery Emporium.
  1489 | D        | Found Ofruak's Antique Armour Shop.
  1489 | D        | Found Zeoheul's Book Shoppe.
  1502 | D        | Identified the +1 robe "Beaco" {*Drain rElec rC++ Int-5}
                  | (Okawaru gifted it to you in the Dungeon)
  1503 | D        | Found Enty's Assorted Antiques.
  1504 | D        | Found Qeamutepyso's Distillery.
  1504 | D        | Found Weosaode's Weapon Boutique.
  1507 | D        | Found Desaek's Assorted Antiques.
  1508 | D        | Bought a potion of degeneration for 10 gold pieces
  1536 | D        | Bought a short sword for 57 gold pieces
  1547 | D        | Bought 2 scrolls of brand weapon for 400 gold pieces
  1547 | D        | Bought a scroll of fog for 20 gold pieces
  1547 | D        | Bought a scroll of enchant weapon for 75 gold pieces
  1560 | D        | Bought a runed onyx ring for 125 gold pieces
  1571 | D        | Bought a scroll of remove curse for 30 gold pieces
  1588 | D        | Bought a potion of haste for 100 gold pieces
  1689 | D        | HP: 2/49 [demonic crawler (13)]
  1695 | D        | Slain by a demonic crawler

Skill      XL: |  1  2  3  4  5  6  7  8  9 10 |
---------------+-------------------------------+-----
Stealth        | 10 14 18 19 20 22 23 26 27 | 27.0
Dodging        | 6 8 10 12 13 14 | 14.3
Throwing       | 5 7 |  7.0
Bows           | 8 10 | 10.2
Fighting       | 3 |  3.2
Invocations    | 6 |  6.2
Short Blades   | |  2.1

Action                   |  1- 3 |  4- 6 |  7- 9 | 10-12 || total
-------------------------+-------+-------+-------+-------++-------
Melee: Dagger            |     2 |     3 |     9 |   106 ||   120
       Short sword       |       |       |       |    49 ||    49
       Punch             |       |       |       |     1 ||     1
 Fire: Blowgun           |     9 |     5 |       |       ||    14
Invok: Heroism           |       |       |       |     1 ||     1
       Finesse           |       |       |       |     1 ||     1
Evoke: Wand              |       |       |       |     2 ||     2
  Use: Scroll            |       |       |     1 |     6 ||     7
       Potion            |       |       |       |     3 ||     3
 Stab: Sleeping          |     1 |     3 |     9 |    12 ||    25
Armor: Robe              |       |       |       |    15 ||    15
Dodge: Dodged            |     4 |     3 |       |   241 ||   248
